 Dungeon Crawl Stone Soup version 0.19.4-8-ga85b6b9 (console) character file.

49 Kloppie the Skirmisher (level 3, -3/34 HPs)
             Began as a Draconian Berserker on Feb 6, 2017.
             Was a Believer of Trog.
             Slain by a goblin (5 damage)
             ... led by Robin
             ... on level 2 of the Dungeon.
             The game lasted 00:01:13 (929 turns).

Kloppie the Skirmisher (Draconian Berserker)         Turns: 929, Time: 00:01:13

Health: -3/34      AC:  5    Str: 19    XL:     3   Next: 53%
Magic:  3/3        EV: 12    Int:  7    God:    Trog [**....]
Gold:   90         SH:  0    Dex: 11    Spells: 0 memorised, 2 levels left

rFire  . . .     SeeInvis .     a - +0 hand axe
rCold  . . .     Gourm    .     (armour unavailable)
rNeg   . . .     Faith    .     (no shield)
rPois  .         Spirit   .     (helmet restricted)
rElec  .         Reflect  .     (no cloak)
rCorr  .         Harm     .     (no gloves)
MR     ++...                    (no boots)
Stlth  +.........               (no amulet)
                                (no ring)
                                (no ring)

@: exhausted, regenerating, slowed, very slow
A: unfitting armour, cold-blooded, AC +5
a: Berserk, Trog's Hand, Burn Spellbooks, Renounce Religion


You were on level 2 of the Dungeon.
You worshipped Trog.
Trog was pleased with you.
You were very hungry.

You visited 1 branch of the dungeon, and saw 2 of its levels.

You collected 90 gold pieces.

Inventory:

Hand Weapons
 a - a +0 hand axe (weapon)
Scrolls
 e - 2 scrolls of random uselessness {unknown}
 g - a scroll of noise {unknown}
 i - a scroll of immolation {unknown}
 j - a scroll of identify {unknown}
 k - a scroll of remove curse {unknown}
Potions
 c - a potion of invisibility {unknown}
 f - a potion of lignification {unknown}
 h - a potion of ambrosia {unknown}
Comestibles
 b - 2 bread rations
 d - 3 chunks of flesh


   Skills:
 * Level 4.5 Fighting
 + Level 3.5 Axes
 - Level 2.6 Dodging


You had 2 spell levels left.
You didn't know any spells.

Dungeon Overview and Level Annotations

Branches:
Dungeon (2/15)

Altars:

Annotations:
D:2 Robin


Innate Abilities, Weirdness & Mutations

Your plain brown scales are hard. (AC +5)
You cannot fit into any form of body armour.
You are cold-blooded and may be slowed by cold attacks.


Message History

* * * LOW HITPOINT WARNING * * *
Robin hits you with a falchion!
* * * LOW HITPOINT WARNING * * *
The goblin hits you but does no damage.
You feel the effects of Trog's Hand fading.
Robin barely misses you. The goblin barely misses you.
Robin throws the goblin at you!
* * * LOW HITPOINT WARNING * * *
You feel sick.
You are no longer poisoned.
The goblin closely misses you. Robin throws the goblin at you!
The goblin hits you with a dagger.
* * * LOW HITPOINT WARNING * * *
The goblin closely misses you. The goblin hits you but does no damage.
The goblin closely misses you. The goblin hits you but does no damage.
Robin says, "My goblins will feast on your bones."
Robin throws the goblin at you! The goblin hits you with a dagger.
* * * LOW HITPOINT WARNING * * *
The goblin hits you.
You die...

#.#....÷.....<...#
#.#.###########.># #.#.#
##..# #.#.# #...#
#.#.##########.?##
##...............#
...........###...#######
####.#####.......g......
# #.# #####.†@#####. #
#.# #.g.# # #.# #.g.# #
#.# ######(†g## # ..
.......).)g# #
######.###g# #..#.....#
#...#.###.... ##....
....#


You could see Robin, a hobgoblin and 4 goblins.

Vanquished Creatures
  An adder (D:2)
  A worm (D:2)
  2 leopard geckos (D:1)
  2 giant cockroaches (D:1)
  7 goblins
  A hobgoblin (D:1)
  3 jackals (D:1)
  A quokka (D:1)
  4 bats
  2 frilled lizards (D:1)
  3 kobolds (D:1)
  7 rats
34 creatures vanquished.

Notes
Turn   | Place    | Note
-------+----------+-------------------------------------------
     0 | D:1      | Kloppie the Draconian Berserker began the quest for the Orb.
     0 | D:1      | Reached XP level 1. HP: 19/19 MP: 1/1
   129 | D:1      | Reached XP level 2. HP: 21/27 MP: 2/2
   265 | D:1      | Reached skill level 4 in Fighting
   613 | D:2      | Reached XP level 3. HP: 29/33 MP: 3/3
   712 | D:2      | Reached ** piety under Trog
   912 | D:2      | Noticed Robin
   929 | D:2      | Slain by a goblin

Skill      XL: |  1  2 |
---------------+-------+-----
Fighting       | 4 |  4.5
Axes           | |  3.5
Dodging        | |  2.6

Action                   || total
-------------------------++-------
Melee: Hand axe          ||    98
       Tailslap          ||    10
Invok: Berserk           ||     2
       Trog's Hand       ||     1
  Eat: Chunk             ||     1
Armor: Skin              ||    37
Dodge: Dodged            ||    93
